 Dungeon Crawl Stone Soup version 0.30-a0-414-gcb316572d5 (webtiles) character file.

Game seed: 1007273684893573602

25 McMuffin the Grasshopper (level 2, -1/23 HPs)
             Began as a Demonspawn Warper on Dec 7, 2022.
             Succumbed to a scorpion's poison
             ... on level 2 of the Dungeon.
             The game lasted 00:06:34 (656 turns).

McMuffin the Grasshopper (Demonspawn Warper)         Turns: 656, Time: 00:06:35

Health: -1/23      AC:  3    Str: 11    XL:     2   Next: 82%
Magic:  3/5        EV: 11    Int: 14    God:
Gold:   129        SH:  0    Dex: 12    Spells: 3/5 levels left

rFire   . . .      SeeInvis .    a - +0 spear
rCold   . . .      Faith    .    (no shield)
rNeg    . . .      Spirit   .    b - +0 leather armour
rPois   .          Reflect  .    (helmet restricted)
rElec   .          Harm     .    (no cloak)
rCorr   .          Rampage  .    (no gloves)
Will    .....                    (no boots)
Stlth   +.........               (no amulet)
HPRegen 0.23/turn                (no ring)
MPRegen 0.09/turn                (no ring)

@: lethally poisoned (-1 -> -13)
A: antennae 1
a: no special abilities


You were on level 2 of the Dungeon.
You visited 1 branch of the dungeon, and saw 2 of its levels.

You collected 129 gold pieces.

Inventory:

Hand Weapons
 a - a +0 spear (weapon)
Missiles
 d - 2 boomerangs of dispersal
Armour
 b - a +0 leather armour (worn)
Scrolls
 c - a scroll of blinking
 f - a scroll of enchant armour {unknown}
 g - a scroll of butterflies {unknown}
 h - a scroll of teleportation {unknown}
 i - a scroll of identify {unknown}
 k - a scroll of poison {unknown}
Potions
 e - a potion of brilliance {unknown}
 j - a potion of mutation {unknown}


   Skills:
 + Level 2.4 Fighting
 + Level 2.2 Polearms
 + Level 1.0 Throwing
 + Level 1.1 Armour
 + Level 1.7 Dodging
 + Level 2.0 Spellcasting
 + Level 3.0 Translocations


You had 3 spell levels left.
You knew the following spells:

 Your Spells              Type           Power      Damage    Failure   Level
a - Blink                 Tloc           20%        N/A       13%         2

Your spell library contained the following spells:

 Spells                   Type           Power      Damage    Failure   Level
 Lesser Beckoning         Tloc           20%        N/A       26%         3
 Teleport Other           Tloc           10%        N/A       26%         3
 Vhi's Electric Charge    Tloc/Air       10%        N/A       45%         3
 Manifold Assault         Tloc           10%        N/A       65%         4


Dungeon Overview and Level Annotations

Branches:
Dungeon (2/15)

Altars:

Shops:
D:1 :


Innate Abilities, Weirdness & Mutations

You have a pair of small antennae on your head.


Message History

You hit the goblin.
You kill the goblin!
You start resting.
Magic restored.
You start resting.
HP restored.
k - a scroll labelled MIAMPA RARO You see here a +0 helmet.
Okay, then.
You open the large door.
A scorpion comes into view.
Found a flail.
The scorpion misses you.
You hit the scorpion.
The scorpion is lightly wounded.
The scorpion misses you.
You hit the scorpion but do no damage.
The scorpion is lightly wounded.
The scorpion closely misses you.
You hit the scorpion.
The scorpion is lightly wounded.
The scorpion stings you. x2
You barely miss the scorpion.
The scorpion is lightly wounded.
The scorpion stings you.
You barely miss the scorpion.
The scorpion is lightly wounded.
The scorpion stings you.
Casting: Blink (safe; 13% risk of failure)
Press: ? - help, Q - select action, (/) - cycle Dir - look around, f - activate You blink.
The scorpion barely misses you. The scorpion attacks as you move away!
The scorpion stings you.
* * * LOW HITPOINT WARNING * * *
You feel stable enough to blink again. The scorpion stings you.
* * * LOW HITPOINT WARNING * * *
You are lethally poisoned!
The scorpion poisons you!
You die...

##########
#..#.#>#.####
#...@.......### #
###..#.#.#.##...#
..#.##....s..........#
..........#.#.#.#....#
..............[......#
#####P#.###.#†#.#.)..#
P...P.#.#...<.....####
.P.P..#...##......#
...)s.'..###......#


You could see a scorpion.

Vanquished Creatures
  2 dart slugs (D:1)
  An endoplasm (D:1)
  A giant cockroach (D:1)
  2 goblins
  3 hobgoblins
  3 jackals (D:1)
  2 ball pythons (D:1)
  A bat (D:1)
  2 frilled lizards (D:1)
  2 rats (D:1)
19 creatures vanquished.

Notes
Turn   | Place    | Note
-------+----------+-------------------------------------------
     0 | D:1      | McMuffin the Demonspawn Warper began the quest for the Orb.
     0 | D:1      | Reached XP level 1. HP: 16/16 MP: 3/3
    51 | D:1      | Found Rayz's Book Shoppe.
   240 | D:1      | Gained mutation: You have a pair of small antennae on your
                  | head. [demonic ancestry]
   240 | D:1      | Reached XP level 2. HP: 21/23 MP: 5/5
   252 | D:1      | Reached skill level 3 in Translocations
   256 | D:1      | Learned a level 2 spell: Blink
   287 | D:1      | Reached skill level 1 in Armour
   420 | D:1      | Reached skill level 1 in Throwing
   638 | D:2      | Noticed a scorpion
   656 | D:2      | Succumbed to a scorpion's poison

Illustrated notes

Levels and vault maps discovered:
D:1:      evilmike_arrival_crescent, layout_loops_ring, serial_shops,
          shop_coins, dreamdust_princess_bridge,
          nicolae_kite_square_tiling_tiny, hex_large
D:2:      cheibrodos_old_hovel, layout_rooms,
          hellmonk_ecumenical_altar_dog_temple, st_stairs_8, kennysheep_nub,
          kennysheep_generic_room_4

Skill      XL: |  1  2 |
---------------+-------+-----
Polearms       | 2 |  2.2
Translocations | 3 |  3.0
Armour         | 1 |  1.1
Throwing       | 1 |  1.0
Fighting       | |  2.4
Dodging        | |  1.7
Spellcasting   | |  2.0

Action                   || total
-------------------------++-------
Melee: Spear             ||    69
       Punch             ||     1
Throw: Boomerang         ||     5
 Cast: Blink             ||     3
Armor: Leather armour    ||    13
Dodge: Dodged            ||    39

Table legend: (Time is in decaauts)
 A = Elapsed time spent in this place.
 B = Non-inter-level travel time spent in this place.
 C = Inter-level travel time spent in this place.
 D = Time resting spent in this place.
 E = Time spent auto-exploring this place.
 F = Levels seen in this place.
 G = Mean time per level.
                   A        B        C        D        E       F      G
               +--------+--------+--------+--------+--------+-----+--------+
         Total |    657 |    657 |      0 |    114 |      0 |   2 |  328.5 |
       Dungeon |    657 |    657 |      0 |    114 |      0 |   2 |  328.5 |
               +--------+--------+--------+--------+--------+-----+--------+

Top non-repeatable levels by time:
     D:1: 547 daAuts
     D:2: 109 daAuts
